 Dungeon Crawl Stone Soup version 0.30-a0-1016-gfb0d676c02 (webtiles) character file.

Game seed: 5675487350604939520

326 NinjaNoafa the Magician (level 6, -3/46 HPs)
             Began as a Djinni Conjurer on Apr 6, 2023.
             Killed from afar by an orc wizard (6 damage)
             ... with a magic dart
             ... on level 5 of the Dungeon.
             The game lasted 00:07:30 (2805 turns).

NinjaNoafa the Magician (Djinni Conjurer)           Turns: 2805, Time: 00:07:31

Health: -3/46      AC:  4    Str:  6    XL:     6   Next: 78%
Gold:   239        EV: 27    Int: 22    God:
                   SH:  0    Dex: 11

rFire   + . .      SeeInvis .    d - staff of death
rCold   . . .      Faith    .    (no shield)
rNeg    + . .      Spirit   .    a - +0 robe
rPois   ∞          Reflect  .    g - +0 helmet
rElec   .          Rampage  .    (no cloak)
rCorr   .                        l - +0 pair of gloves
Will    .....                    (boots unavailable)
Stlth   ++                       r - amulet of the acrobat
HPRegen 0.27/turn                m - ring of ice
MPRegen 0.00/turn                (no ring)

@: acrobatic, flying
A: sickness immunity, fire resistance 2, cold vulnerability 1, float, innate
caster, HP casting, extra vitality 1
a: no special abilities


You were on level 5 of the Dungeon.
You visited 1 branch of the dungeon, and saw 5 of its levels.

You collected 239 gold pieces.

Inventory:

Missiles
 c - 3 silver boomerangs
 e - 3 boomerangs of dispersal
 x - 3 poisoned darts
Armour
 a - a +0 robe (worn)
 g - a +0 helmet (worn)
 l - a +0 pair of gloves (worn)
Magical Staves
 d - a staff of death (weapon)
Jewellery
 m - a ring of ice (left hand)
 r - an amulet of the acrobat (around neck)
 A - an amulet of faith
Wands
 t - a wand of digging (5)
 v - a wand of charming (7)
 z - a wand of mindburst (15)
Scrolls
 b - 6 scrolls of identify {unknown}
 f - 3 scrolls of noise {unknown}
 j - 3 scrolls of teleportation {unknown}
 k - 2 scrolls of fear {unknown}
 q - a scroll of vulnerability {unknown}
 u - a scroll of amnesia {unknown}
 w - a scroll of fog {unknown}
 y - a scroll of immolation {unknown}
Potions
 h - a potion of ambrosia {unknown}
 i - a potion of berserk rage {unknown}
 n - a potion of flight {unknown}
 o - a potion of magic {unknown}
 p - 4 potions of curing {unknown}
 s - a potion of degeneration {unknown}


   Skills:
 + Level 3.4 Fighting
 - Level 2.1 Dodging
 - Level 1.5 Stealth
 * Level 5.2 Spellcasting


You knew the following spells:

 Your Spells              Type           Power      Damage    Failure   Level
a - Magic Dart            Conj           100%       1d8       1%          1
b - Searing Ray           Conj           56%        2d6       1%          2
c - Dazzling Flash        Conj/Hex       56%        N/A       3%          3
d - Fulminant Prism       Conj/Hex       14%        3d8       12%         4
e - Iskenderun's Mystic   Conj/Tloc      28%        2d7       12%         4
f - Sting                 Tmut/Pois      100%       1d8       1%          1
g - Wereblood             Tmut           28%        N/A       1%          2
Your spell library was empty.

Dungeon Overview and Level Annotations

Branches:
Dungeon (5/15)
 Temple: D:4-7

Altars:
Hepliaklqana
Xom

Shops:
D:3 [

Annotations:
D:2 1 runed translucent door, Crazy Yiuf


Innate Abilities, Weirdness & Mutations

You are immune to sickness and miasma.
You are immune to poison.
Your flesh is very heat resistant. (rF++)
You are vulnerable to cold. (rC-)
You float through the air rather than walking.
You learn spells naturally, not from books.
Your magical power is your life essence.
You have superior vitality. (+4 MHP)


Message History

The orc is heavily wounded.
The orc hits you with a +1 heavy war axe!
* * * LOW HITPOINT WARNING * * *
Casting: Searing Ray (safe; 1% risk of failure)
Confirm with . or Enter, or press ? or * to list all spells.
Aiming: Searing Ray (safe; 1% risk of failure)
Press: ? - help, Shift-Dir - straight line, f - orc
Aim: an orc, wielding a +1 heavy war axe (heavily wounded, 79% to hit)
The searing ray hits the orc!
You kill the orc! (Press . to maintain the ray.)
* * * LOW HITPOINT WARNING * * *
An orc wizard comes into view. It is wielding a +0 dagger.
The orc wizard hits you but does no damage.
Things that are here:
a +1 heavy war axe; a +0 war axe; an orc corpse
Casting: Searing Ray (safe; 1% risk of failure)
Confirm with . or Enter, or press ? or * to list all spells.
Aiming: Searing Ray (safe; 1% risk of failure)
Press: ? - help, Shift-Dir - straight line, f - orc wizard
Aim: an orc wizard, wielding a +0 dagger and wearing a +0 robe (74% to hit)
The searing ray hits the orc wizard.
The orc wizard is lightly wounded. (Press . to maintain the ray.)
* * * LOW HITPOINT WARNING * * *
The orc wizard hits you with a +0 dagger.
* * * LOW HITPOINT WARNING * * *
Unknown command.
The searing ray hits the orc wizard!
The orc wizard is severely wounded.
* * * LOW HITPOINT WARNING * * *
The orc wizard points at you and mumbles some strange words.
The magic dart hits you!
* * * LOW HITPOINT WARNING * * *
The searing ray hits the orc wizard.
The orc wizard is almost dead.
* * * LOW HITPOINT WARNING * * *
The orc wizard gestures at you while chanting.
The magic dart hits you.
You die...

#. #..#####
#...o.#
##@## ###
##...#...##
##<†.......#
#...........
#...........
#......<....
##.........$
##...#...##
#####....!


You could see an orc wizard.

Vanquished Creatures
  A kobold brigand (D:4)
  An orc priest (D:5)
  An iguana (D:4)
  7 gnolls
  5 adders
  An ufetubus (D:5)
  2 dart slugs (D:2)
  12 orcs
  6 bats
  6 endoplasms
  A giant cockroach (D:2)
  5 goblins
  3 hobgoblins
  2 jackals (D:4)
  2 quokkas
  4 ball pythons
  4 frilled lizards
  10 kobolds
  7 rats
80 creatures vanquished.

Vanquished Creatures (others)
  A fulminant prism (D:4)
1 creature vanquished.

Grand Total: 81 creatures vanquished

Notes
Turn   | Place    | Note
-------+----------+-------------------------------------------
     0 | D:1      | NinjaNoafa the Djinni Conjurer began the quest for the Orb.
     0 | D:1      | NinjaNoafa set off with the following spells memorised:
                  | Magic Dart, Searing Ray, Dazzling Flash, Fulminant Prism,
                  | Iskenderun's Mystic Blast.
     0 | D:1      | Reached XP level 1. HP: 15/15 MP: 0/0
   482 | D:1      | Reached XP level 2. HP: 20/22 MP: 0/0
   850 | D:2      | Reached skill level 1 in Fighting
   850 | D:2      | Reached XP level 3. HP: 22/27 MP: 0/0
   850 | D:2      | Learned a level 1 spell: Sting
   907 | D:2      | Found a faded altar of an unknown god.
   929 | D:2      | Reached XP level 4. HP: 14/32 MP: 0/0
   958 | D:2      | Reached skill level 4 in Spellcasting
  1075 | D:2      | Found a runed translucent door.
  1076 | D:2      | Noticed Crazy Yiuf
  1520 | D:3      | Identified the +1 hand axe of Gehenna {heavy, rF+ MP+9
                  | Int+2}
  1541 | D:3      | Found Isuleoda's Antique Armour Shoppe.
  1764 | D:3      | Found a hazy altar of Hepliaklqana.
  1766 | D:3      | Found a shimmering altar of Xom.
  1767 | D:3      | Noticed a spectral ugly thing
  1990 | D:4      | Reached XP level 5. HP: 30/38 MP: 0/0
  1990 | D:4      | Learned a level 2 spell: Wereblood
  2184 | D:4      | Noticed a kobold brigand
  2200 | D:4      | Killed a kobold brigand
  2201 | D:4      | Reached XP level 6. HP: 35/46 MP: 0/0
  2211 | D:4      | Reached skill level 5 in Spellcasting
  2785 | D:5      | Entered Level 5 of the Dungeon
  2805 | D:5      | Killed from afar by an orc wizard

Illustrated notes

Levels and vault maps discovered:
D:1:      tekkud_arrival_beachfront_property, layout_basic
D:2:      layout_rooms, hellmonk_ecumenical_altar_run_dry, serial_bayou_ford_a,
          grunt_ministairs_15, uniq_crazy_yiuf_cottage
D:3:      layout_rooms, regret_index_temple_of_mockery, serial_shops,
          nicolae_shop_stone, chequers_serial_rivers_room_a
D:4:      layout_basic, reono_crystal_passage, mrwooster_statue_mirror
D:5:      layout_rooms, uniq_sigmund

Skill      XL: |  1  2  3  4  5  6 |
---------------+-------------------+-----
Fighting       | 1 2 3 |  3.4
Spellcasting   | 4 5 |  5.2
Dodging        | |  2.1
Stealth        | |  1.5

Action                     |  1- 3 |  4- 6 || total
---------------------------+-------+-------++-------
  Melee: Staff             |       |    12 ||    12
   Cast: Magic Dart        |    20 |     5 ||    25
         Searing Ray       |     3 |    31 ||    34
         Sting             |     3 |    21 ||    24
         Wereblood         |       |     3 ||     3
         Iskenderun's Myst |       |     3 ||     3
         Fulminant Prism   |       |     1 ||     1
 Armour: Robe              |     1 |    10 ||    11
  Dodge: Dodged            |     7 |    56 ||    63

Table legend: (Time is in decaauts)
 A = Elapsed time spent in this place.
 B = Non-inter-level travel time spent in this place.
 C = Inter-level travel time spent in this place.
 D = Time resting spent in this place.
 E = Time spent auto-exploring this place.
 F = Levels seen in this place.
 G = Mean time per level.
                   A        B        C        D        E       F      G
               +--------+--------+--------+--------+--------+-----+--------+
         Total |   2807 |   2673 |    134 |    156 |   1963 |   5 |  561.4 |
       Dungeon |   2807 |   2673 |    134 |    156 |   1963 |   5 |  561.4 |
               +--------+--------+--------+--------+--------+-----+--------+

Top non-repeatable levels by time:
     D:1: 844 daAuts
     D:4: 727 daAuts
     D:2: 668 daAuts
     D:3: 546 daAuts
     D:5: 20 daAuts
